 Dungeon Sprint DCSS version 0.02-122-g12e50fee3c (webtiles) character file.

Game seed: 3723977737028705138, levelgen mode: deterministic

11243 lorenzova the Sorcerer (level 11, -15/54 HPs) Deep Elf Fire Elementalist. Began on Oct 7, 2020. Was the Champion of Vehumet. Demolished by a lorocyproca (37 damage) ... in the Dungeon (Sprint I: "Red Sonja"). The game lasted 00:22:56 (3497 turns).

lorenzova the Sorcerer (Deep Elf Fire Elementalist) Turns: 3497, Time: 00:22:57

Health: -15/54     AC:  6    Str:  5    XL:     11 ^: 5786
Magic:  6/40       EV: 12    Int: 27    God:    Vehumet [6* [198]]
Gold:   452        SH:  0    Dex: 18    Spells: 36/57 levels left

rFire    . . .     Vision   +   (no weapon)
rCold    + . .     Gourm    .   (no weapon)
rNeg     + . .     Faith    .   t - +1 leather armour of Seif Nyd {rC+ rN+ Dex+3 +Vis}
rPois    .         Spirit   .   r - +1 helmet {Int+3}
rElec    .         Reflect  .   s - scarf {repulsion}
rCorr    .         Harm     .   (no gloves)
MR       +....     NoTele   +   (no boots)
Stlth    ++........             (no amulet)
HPRegen  0.28/turn              (no ring)
MPRegen  0.50/turn              (no ring)

@: repel missiles
A: no striking features
a: Renounce Religion


You were in the Dungeon.
You worshipped Vehumet.
Vehumet was exalted by your worship.
You were not hungry.

You visited 1 branch You collected 1588 gold pieces.
You spent 1136 gold pieces at shops.

Inventory:

Weapons
 k - a +1 short sword of distortion
Armour
 a - a +0 robe
 n - a +2 hat
 o - a cursed +0 leather armour {(Curse: -Tele)}
 p - a +2 helmet
 r - a +1 helmet of intelligence (worn)
 s - a scarf of repulsion (worn)
 t - the +1 leather armour of Seif Nyd (worn) {rC+ rN+ Dex+3 +Vis}
   (You bought it in a shop in the Dungeon)

   It affects your dexterity (+3).
   It protects you from cold.
   It protects you from negative energy.
   It improves your vision.
Jewellery
 m - a cursed ring of protection {(Curse: rF-)}
 u - an uncursed amulet of faith
Wands
 b - a wand of ensnaring (3)
 j - a wand of polymorph (2)
Scrolls
 i - a scroll of blinking
Potions
 d - 3 potions of curing
 e - 4 potions of heal wounds
 f - a potion of agility
 g - a potion of magic
 h - a potion of berserk rage
 l - 2 potions of cancellation
 q - a potion of mutation
Comestibles
 c - 2 rations


   Skills:
 - Level 2.4 Dodging
 - Level 2.4 Stealth
 + Level 23.5 Spellcasting
 + Level 20.5 Fire Magic


You had 36 spell levels left.
You knew the following spells:

 Your Spells              Type           Power        Failure   Level  Hunger
a - Foxfire               Fire           25 (25)      0%          1    None
b - Searing Ray           Fire           50 (50)      0%          2    None
c - Conjure Flame         Fire           97 (100)     0%          3    None
d - Sticky Flame          Fire/Pois      72 (100)     1%          4    None
e - Starburst             Fire           97 (200)     1%          6    None
f - Fireball              Fire           97 (200)     0%          5    None
g - Bolt of Fire          Fire           97 (200)     1%          6    None

Your spell library contained the following spells:

 Spells                   Type           Power        Failure   Level  Hunger
 Flame Tongue             Fire           40 (40)      0%          1    None
 Freeze                   Ice            25 (25)      1%          1    None
 Blinding Spray           Hex/Pois       31 (50)      1%          3    None
 Ignite Poison            Fire/Tmut      72 (100)     1%          3    None
 Inner Flame              Hex/Fire       72 (100)     1%          3    None
 Static Discharge         Air            31 (100)     1%          3    None
 Portal Projectile        Chrm/Tloc      31 (50)      4%          3    None
 Muse Oam's Air Blast     Tloc/Air       31 (100)     4%          4    None
 Iskenderun's Battlesphe  Chrm/Erth      31 (100)     11%         5    None
 Iron Shot                Erth           31 (200)     47%         6    None
 Dispersal                Tloc           31 (200)     91%         6    None
 Controlled Blink         Tloc           31 (100)     100%        7    ###....
 Disjunction              Tloc           31 (200)     100%        8    #####..


Dungeon Overview and Level Annotations

Branches:
Dungeon (1/1)

Altars:
Cheibriados
Dithmenos
Elyvilon
Fedhas Madash
Gozag Ym Sagoz
Hepliaklqana
Kikubaaqudgha
Makhleb
Nemelex Xobeh
Okawaru
Qazlal
Ru
Sif Muna
Trog
Uskayaw
Vehumet
Wu Jian
Xom
Yredelemnul
Zin
The Shining One
Jiyva
Lugonu

Shops:
D [![(}%}[%[(?***[(*([*


Message History

The lorocyproca resists.
The lorocyproca is moderately wounded. (47/67) HP
Casting: Bolt of Fire (safe; 1% risk of failure)
Confirm with . or Enter, or press ? or * to list all spells.
Aiming: Bolt of Fire (safe; 1% risk of failure)
Press: ? - help, Shift-Dir - straight line, f/p - lorocyproca
Aim: a lorocyproca (moderately wounded (48/67), slightly transparent)
The bolt of fire hits the lorocyproca (20)!!
The lorocyproca resists.
The lorocyproca is heavily wounded. (28/67) HP The lorocyproca hits you (29)!!
Ouch! That really hurt!
You feel your power leaking away.
Casting: Bolt of Fire (safe; 1% risk of failure)
Confirm with . or Enter, or press ? or * to list all spells.
You don't have enough magic to cast that spell.
A lorocyproca is nearby!
The lorocyproca hits you (37)!!!
Ouch! That really hurt!
You die...

###########################******
).#.....#__#..)...#.§#§..§+,,,,,,
...).#........#...##.#§####,,,,,*
#.#####.#__####.@2§§.#§#,***,,,**
..#...#.####.§#####)§..#+*,***+*,
###..##!#≈≈≈.§#..##.####^,,*,*,**
__##.#_.§§§§§.§§.#.^.○^#,,,***,,*
......._#§§)§§#..#...○○...$,,**,*
__##_.#'##.#####.###°°.#^..,,*,,*
__###'#)#....###.§.#.☼^#*#++**,**
#####.####.###.###.#°○##*,,***,,*
...'...........∩##.#..#***,,***,,


You could see a lorocyproca (invisible).

Vanquished Creatures
  2 unseen horrors (D)
  Sonja (D)
  A lindwurm (D)
  2 centaur warriors (D)
  A deep troll (D)
  8 shining eyes (D)
  An oklob plant (D)
  A gargoyle (D)
  2 kobold demonologists (D)
  4 demonic crawlers (D)
  A hornet (D)
  Sigmund (D)
  A yak (D)
  A slime creature (D)
  2 redbacks (D)
  7 necrophages (D)
  6 floating eyes (D)
  An ogre (D)
  Ijyb (D)
  8 jellies (D)
  2 ballistomycetes (D)
  A ballistomycete spore (D)
55 creatures vanquished.

Vanquished Creatures (others)
  A gargoyle (D)
  A ballistomycete spore (D)
  10 foxfires (D)
12 creatures vanquished.

Grand Total: 67 creatures vanquished

Notes
Turn   | Place    | Note
-------+----------+-------------------------------------------
     0 | D        | lorenzova the Deep Elf Fire Elementalist began the quest
                  | for the Orb.
     0 | D        | Reached XP level 1. HP: 10/10 MP: 6/6
     1 | D        | Noticed Ijyb
     8 | D        | Killed Ijyb
     8 | D        | Reached skill level 8 in Spellcasting
     8 | D        | Reached XP level 2. HP: 12/15 MP: 1/13
     8 | D        | Reached XP level 3. HP: 15/19 MP: 1/14
     8 | D        | Reached XP level 4. HP: 19/24 MP: 1/16
    74 | D        | Learned a level 2 spell: Searing Ray
    78 | D        | Learned a level 3 spell: Conjure Flame
    83 | D        | Learned a level 4 spell: Sticky Flame
    83 | D        | Noticed an ogre
    89 | D        | Killed an ogre
    89 | D        | Reached skill level 10 in Spellcasting
    89 | D        | Reached XP level 5. HP: 28/28 MP: 9/19
   134 | D        | Learned a level 5 spell: Fireball
   145 | D        | Noticed Sigmund
   150 | D        | Killed Sigmund
   150 | D        | Reached skill level 12 in Spellcasting
   150 | D        | Reached skill level 10 in Fire Magic
   150 | D        | Reached XP level 6. HP: 32/32 MP: 5/23
   384 | D        | Found a shimmering blue altar of Sif Muna.
   385 | D        | Found an ornate altar of the Wu Jian Council.
   387 | D        | Found a radiant altar of Vehumet.
   393 | D        | Became a worshipper of Vehumet
   426 | D        | Noticed a yak
   426 | D        | Found a hazy altar of Hepliaklqana.
   426 | D        | Found a stormy altar of Qazlal.
   426 | D        | Found a hide-covered altar of Uskayaw.
   426 | D        | Found a blossoming altar of Fedhas.
   440 | D        | Killed a yak
   440 | D        | Reached skill level 13 in Spellcasting
   473 | D        | Found Roitagewn's Weapon Emporium.
   473 | D        | Found a bloodstained altar of Trog.
   574 | D        | Found an iron altar of Okawaru.
   574 | D        | Found a sacrificial altar of Ru.
   574 | D        | Found a glowing silver altar of Zin.
   575 | D        | Found an ancient bone altar of Kikubaaqudgha.
   575 | D        | Found a basalt altar of Yredelemnul.
   575 | D        | Found an opulent altar of Gozag.
   575 | D        | Found a snail-covered altar of Cheibriados.
   575 | D        | Found a shadowy altar of Dithmenos.
   588 | D        | Found a glowing golden altar of the Shining One.
   588 | D        | Found a white marble altar of Elyvilon.
   589 | D        | Found a sparkling altar of Nemelex Xobeh.
   600 | D        | Noticed Sonja
   603 | D        | Killed Sonja
   603 | D        | Reached skill level 15 in Spellcasting
   603 | D        | Reached XP level 7. HP: 36/36 MP: 12/28
   603 | D        | Reached XP level 8. HP: 41/41 MP: 12/29
   677 | D        | Found Lawin's Antique Armour Boutique.
   711 | D        | Noticed a deep troll
   715 | D        | Killed a deep troll
   715 | D        | Reached * piety under Vehumet
   715 | D        | Offered knowledge of Freeze by Vehumet.
   715 | D        | Reached skill level 16 in Spellcasting
  1046 | D        | Noticed a centaur warrior
  1046 | D        | Noticed a centaur warrior
  1048 | D        | Killed a centaur warrior
  1048 | D        | Reached skill level 17 in Spellcasting
  1048 | D        | Reached skill level 15 in Fire Magic
  1049 | D        | Killed a centaur warrior
  1049 | D        | Reached skill level 18 in Spellcasting
  1049 | D        | Reached XP level 9. HP: 26/45 MP: 14/33
  1188 | D        | Reached ** piety under Vehumet
  1188 | D        | Offered knowledge of Flame Tongue by Vehumet.
  1229 | D        | Killed a gargoyle
  1334 | D        | Found Muog's Armour Emporium.
  1362 | D        | Noticed a shining eye
  1363 | D        | Noticed a shining eye
  1364 | D        | Offered knowledge of Blinding Spray by Vehumet.
  1364 | D        | Killed a shining eye
  1364 | D        | Reached *** piety under Vehumet
  1364 | D        | Reached skill level 19 in Spellcasting
  1364 | D        | Killed a shining eye
  1367 | D        | Offered knowledge of Ignite Poison by Vehumet.
  1367 | D        | Killed a shining eye
  1367 | D        | Reached XP level 10. HP: 50/50 MP: 17/35
  1368 | D        | Killed a shining eye
  1368 | D        | Reached **** piety under Vehumet
  1368 | D        | Offered knowledge of Static Discharge by Vehumet.
  1368 | D        | Reached skill level 20 in Spellcasting
  1373 | D        | Killed a shining eye
  1380 | D        | Killed a shining eye
  1411 | D        | Noticed a shining eye
  1411 | D        | Noticed a shining eye
  1416 | D        | Killed a shining eye
  1416 | D        | Reached ***** piety under Vehumet
  1416 | D        | Offered knowledge of Starburst by Vehumet.
  1416 | D        | Reached skill level 21 in Spellcasting
  1428 | D        | Killed a shining eye
  1486 | D        | Found Bullud's Food Boutique.
  1560 | D        | Found Deedwone's Antique Armour Emporium.
  1561 | D        | Found Sodoxuf's Gadget Shop.
  1562 | D        | Found Devadgh's Distillery.
  1590 | D        | Bought a potion of heal wounds for 65 gold pieces
  1590 | D        | Bought 2 potions of heal wounds for 130 gold pieces
  1592 | D        | Bought a shiny ring mail for 196 gold pieces
  1611 | D        | Bought a shiny helmet for 202 gold pieces
  1669 | D        | Learned a level 6 spell: Starburst
  1670 | D        | Found a burning altar of Makhleb.
  1670 | D        | Found a shimmering altar of Xom.
  1740 | D        | Found a viscous altar of Jiyva.
  1740 | D        | Found a corrupted altar of Lugonu.
  1981 | D        | Reached ****** piety under Vehumet
  1981 | D        | Offered knowledge of Bolt of Fire by Vehumet.
  2163 | D        | Learned a level 6 spell: Bolt of Fire
  2315 | D        | Noticed a lindwurm
  2343 | D        | Killed a lindwurm
  2343 | D        | Reached skill level 22 in Spellcasting
  2343 | D        | Reached XP level 11. HP: 54/54 MP: 31/39
  2822 | D        | Killed an unseen horror
  2860 | D        | Killed an unseen horror
  2860 | D        | Reached skill level 23 in Spellcasting
  2917 | D        | Offered knowledge of Iskenderun's Battlesphere by Vehumet.
  2925 | D        | Offered knowledge of Iron Shot by Vehumet.
  3118 | D        | Found Pasoaf's Armour Shoppe.
  3129 | D        | Found Hellmonk's Food Boutique.
  3130 | D        | Found Bonutt's Gadget Shop.
  3236 | D        | Found Seaptu Zomur's Armour Emporium.
  3236 | D        | Found Wuobri's Antique Weapon Shop.
  3236 | D        | Found Laacsoeri's Magic Scroll Shoppe.
  3236 | D        | Found Neduw's General Store.
  3236 | D        | Found Zucatigy's General Store.
  3236 | D        | Found Piext's General Store.
  3236 | D        | Found Aroepn's Armour Shoppe.
  3240 | D        | Found Soricwas's Antique Weapon Boutique.
  3241 | D        | Found Bodaewac's Weapon Emporium.
  3241 | D        | Found Sadogi's General Store.
  3244 | D        | Found Olihad's Assorted Antiques.
  3245 | D        | Bought a scroll of magic mapping for 42 gold pieces
  3255 | D        | Bought a scarf of repulsion for 144 gold pieces
  3258 | D        | Bought the +1 leather armour of Seif Nyd {rC+ rN+ Dex+3
                  | +Vis} for 357 gold pieces
  3487 | D        | Noticed a lorocyproca
  3497 | D        | Demolished by a lorocyproca

Levels and vault maps discovered:
D:        dungeon_sprint_1 [red_sonja_temple_1, red_sonja_temple_small_1]

Skill      XL: |  1  2  3  4  5  6  7  8  9 10 11 |
---------------+----------------------------------+-----
Spellcasting   | 8 10 12 15 18 19 22 23 | 23.5
Fire Magic     | 7 8 10 13 15 17 19 20 | 20.5
Dodging        | |  2.4
Stealth        | |  2.4

Action                   |  1- 3 |  4- 6 |  7- 9 | 10-12 || total
-------------------------+-------+-------+-------+-------++-------
 Cast: Foxfire           |     5 |       |       |       ||     5
       Searing Ray       |       |     2 |       |       ||     2
       Conjure Flame     |       |     1 |     1 |     2 ||     4
       Fireball          |       |     8 |    20 |    44 ||    72
       Sticky Flame      |       |     2 |       |     2 ||     4
       Starburst         |       |       |       |     7 ||     7
       Bolt of Fire      |       |       |       |    11 ||    11
  Use: Potion            |       |       |       |     2 ||     2
       Scroll            |       |       |       |     1 ||     1
  Eat: Chunk             |       |       |     2 |     1 ||     3
       Ration            |       |       |       |     2 ||     2
Armor: Leather armour    |       |       |       |     2 ||     2
Dodge: Dodged            |     4 |       |       |     3 ||     7
